 Dungeon Crawl Stone Soup version 0.26-a0-661-g406de6ba63 (webtiles) character file.

Game seed: 17725567490185066427

196 grandjackal the Ducker (level 5, -1/63 HPs)
             Began as a Demonspawn Gladiator on Oct 9, 2020.
             Slain by Grinder (4 damage)
             ... on level 3 of the Dungeon.
             The game lasted 00:05:06 (2832 turns).

grandjackal the Ducker (Demonspawn Gladiator)       Turns: 2832, Time: 00:05:06

Health: -1/63      AC: 22    Str: 12 (15) XL:     5   Next: 46%
Magic:  5/5        EV:  2    Int:  8 (9)  God:
Gold:   46         SH:  0    Dex: 14 (15) Spells: 4/4 levels left

rFire    . . .     SeeInvis .   a - +0 long sword
rCold    . . .     Faith    .   (no shield)
rNeg     + + +     Spirit   .   (armour currently unavailable)
rPois    +         Reflect  .   (helmet currently unavailable)
rElec    .         Harm     .   (cloak currently unavailable)
rCorr    .         Rampage  .   (gloves currently unavailable)
MR       .....     NoTele   +   (boots currently unavailable)
Stlth    +.........             (no amulet)
HPRegen  0.20/turn              g - ring of wizardry
MPRegen  0.09/turn              (no ring)

@: brilliant, tree-form, stab
A: powered by death 1
a: no special abilities


You were on level 3 of the Dungeon.
You were a tree.
You visited 1 branch of the dungeon, and saw 4 of its levels.

You collected 46 gold pieces.

Inventory:

Hand Weapons
 a - a +0 long sword (weapon)
 p - a +2 dagger of speed
Missiles
 d - 3 throwing nets (quivered)
Armour
 b - a +0 leather armour (melded)
 c - a +0 helmet (melded)
Jewellery
 g - a ring of wizardry (left branch)
Wands
 k - a wand of flame (13)
 t - a wand of polymorph (5)
Scrolls
 e - 3 scrolls of teleportation {unknown}
 f - 3 scrolls of identify {unknown}
 h - a scroll of remove curse {unknown}
 i - a scroll of blinking {unknown}
 j - a scroll of enchant weapon {unknown}
 r - a scroll of noise {unknown}
Potions
 q - 2 potions of flight {unknown}
 s - a potion of heal wounds {unknown}
 u - a potion of magic {unknown}


   Skills:
 + Level 3.7 Fighting
 + Level 3.9 Long Blades
 - Level 1.7 Throwing
 + Level 3.9 Dodging


You had 4 spell levels left.
You didn't know any spells.
Your spell library was empty.

Dungeon Overview and Level Annotations

Branches:
Dungeon (4/15)
 Temple: D:4-7

Altars:
Ashenzari
Elyvilon
Trog
Uskayaw
Vehumet

Annotations:
D:3 2 transporters, Grinder


Innate Abilities, Weirdness & Mutations

You regenerate a little health from kills.


Message History

You slash Grinder!
Grinder is heavily wounded.
Grinder gestures at you.
You suddenly lose the ability to move!
Grinder hits you but does no damage. Grinder hits you.
* * * LOW HITPOINT WARNING * * *
Grinder hits you but does no damage.
Grinder blinks!
Grinder hits you.
* * * LOW HITPOINT WARNING * * *
You can move again.
Unknown command.
Unknown command.
Unknown command.
Unknown command.
You hit Grinder but do no damage.
Grinder is heavily wounded.
Grinder hits you.
You die...

≈≈≈≈≈#P8#...###########.......).#
≈≈P≈≈#).#...######## ##.#.......#
≈⌠≈≈;+?©#©.))...............)..>#
≈≈≈P;#..#...###########.#####.#)#
≈≈≈;;#P8#.#...# #.# #...#
#########.#...# ###.# ##..#
..........#...#######...######..#
#############.##....#...##.......
#.##♣# #...##.###... #.##5#
#...##.# ...# #....# #......#
...# ###### #...#.<#..#.#
#...#.##.. .. #####<##.. .. #..
.. ####


You could see Grinder.

Vanquished Creatures
  2 orc priests (D:3)
  Ijyb (D:3)
  An adder (D:2)
  2 oozes
  An adder skeleton (D:4)
  5 dart slugs
  2 leopard geckos
  8 orcs (D:3)
  6 bats
  6 giant cockroaches
  A goblin (D:1)
  15 hobgoblins
  3 jackals (D:1)
  3 frilled lizards
  9 kobolds
  7 rats
72 creatures vanquished.

Notes
Turn   | Place    | Note
-------+----------+-------------------------------------------
     0 | D:1      | grandjackal the Demonspawn Gladiator began the quest for
                  | the Orb.
     0 | D:1      | Reached XP level 1. HP: 16/16 MP: 1/1
   139 | D:1      | Gained mutation: You regenerate a little health from kills.
                  | [demonic ancestry]
   139 | D:1      | Reached XP level 2. HP: 22/22 MP: 2/2
   262 | D:1      | Reached XP level 3. HP: 22/28 MP: 3/3
  1036 | D:2      | Found a radiant altar of Vehumet.
  1036 | D:2      | Found a broken altar of Ashenzari.
  1036 | D:2      | Found a white marble altar of Elyvilon.
  1036 | D:2      | Found a bloodstained altar of Trog.
  1149 | D:2      | Reached XP level 4. HP: 35/35 MP: 4/4
  1201 | D:2      | Found a faded altar of an unknown god.
  1224 | D:2      | Found a hide-covered altar of Uskayaw.
  1951 | D:3      | Noticed Ijyb
  2181 | D:3      | Killed Ijyb
  2431 | D:3      | Found a transporter.
  2480 | D:3      | Reached XP level 5. HP: 9/41 MP: 5/5
  2738 | D:3      | Found a transporter.
  2808 | D:3      | Noticed Grinder
  2820 | D:3      | Paralysed by Grinder for 3 turns
  2825 | D:3      | Paralysed by Grinder for 7 turns
  2831 | D:3      | HP: 3/63 [Grinder (6)]
  2832 | D:3      | Slain by Grinder

Illustrated notes

Levels and vault maps discovered:
D:1:      mrwooster_arrival_statue, layout_basic, minmay_split_cup_large
D:2:      layout_basic, eat_drink_and_be_merry_uskayaw,
          chequers_temple_overflow_statue_of_worship,
          chequers_ecumenical_altar_simple
D:3:      gammafunk_steamed_eel, layout_basic, lemuel_coloured_pillars_altar,
          minmay_pentomino_pile, uniq_grinder, uniq_ijyb
D:4:      layout_loops_cross, grunt_ministairs_13

Skill      XL: |  1  2  3 |
---------------+----------+-----
Long Blades    | 3 |  3.9
Dodging        | 3 |  3.9
Fighting       | 3 |  3.7
Throwing       | |  1.7

Action                   |  1- 3 |  4- 6 || total
-------------------------+-------+-------++-------
Melee: Long sword        |    95 |   116 ||   211
       Unarmed           |       |     2 ||     2
Throw: Throwing net      |       |     2 ||     2
  Use: Potion            |       |     5 ||     5
Armor: Leather armour    |    25 |    33 ||    58
       Skin              |       |    10 ||    10
Dodge: Dodged            |    72 |   106 ||   178
       Rpst.: Long sword |    19 |    32 ||    51

Table legend: (Time is in decaauts)
 A = Elapsed time spent in this place.
 B = Non-inter-level travel time spent in this place.
 C = Inter-level travel time spent in this place.
 D = Time resting spent in this place.
 E = Time spent auto-exploring this place.
 F = Levels seen in this place.
 G = Mean time per level.
                   A        B        C        D        E       F      G
               +--------+--------+--------+--------+--------+-----+--------+
         Total |   2880 |   2861 |     19 |    831 |   1483 |   4 |  720.0 |
       Dungeon |   2880 |   2861 |     19 |    831 |   1483 |   4 |  720.0 |
               +--------+--------+--------+--------+--------+-----+--------+

Top non-repeatable levels by time:
     D:2: 1157 daAuts
     D:1: 780 daAuts
     D:3: 742 daAuts
     D:4: 199 daAuts
